 Dungeon Crawl Stone Soup version 0.31.0-4-g52a2dc7128 (webtiles) character file.

Game seed: 2201197133381085374

21472 DemonSlayer the Thaumaturge (level 12, -24/81 HPs)
             Began as a Demonspawn Earth Elementalist on Jan 22, 2024.
             Was an Elder of Dithmenos.
             Killed from afar by an ice dragon (40 damage)
             ... with a blast of cold
             ... on level 1 of the Lair of Beasts.
             The game lasted 00:34:32 (14612 turns).

DemonSlayer the Thaumaturge (DsEE)                 Turns: 14612, Time: 00:34:32

Health: -24/81     AC: 17    Str: 14    XL:     12   Next: 54%
Magic:  0/26       EV: 15    Int: 26    God:    Dithmenos [****..]
Gold:   930        SH:  0    Dex: 23    Spells: 4/32 levels left

rFire   x . .        F - +9 flail of Ethereal Exoneration {speed, Will+ Int+2}
rCold   . . .        (no shield)
rNeg    . . .        r - +3 leather armour of Cotsu {rF- Str+5 Int+7}
rPois   .            (no helmet)
rElec   .            (no cloak)
rCorr   .            (no gloves)
SInv    .            H - +0 pair of boots
Will    +....        h - amulet of magic regeneration
Stlth   +++          j - +4 ring of protection
HPRegen 0.33/turn    t - +6 ring of dexterity
MPRegen 0.80/turn

%: guardian spirit
@: about to teleport, sanguine armoured, wreathed by umbra, very slow
A: claws 2, magic shield, magic regeneration, sanguine armour 1
a: Renounce Religion, Shadow Step


You were on level 1 of the Lair of Beasts.
You worshipped Dithmenos.
Dithmenos was greatly pleased with you.
You visited 4 branches of the dungeon, and saw 15 of its levels.

You collected 1077 gold pieces.
You spent 147 gold pieces at shops.

Inventory:

Hand Weapons
 u - the +5 short sword of Moderation {chaos, rElec}
   (You found it on level 3 of the Dungeon)

   rElec:     It insulates you from electricity.
 D - a +2 dagger of speed
 F - the +9 flail of Ethereal Exoneration (weapon) {speed, Will+ Int+2}
   (You found it on level 6 of the Dungeon)

   Int+2:     It affects your intelligence (+2).
   Will+:     It increases your willpower.
Missiles
 J - a throwing net
Armour
 g - a +2 troll leather armour {Snorg}
 r - the +3 leather armour of Cotsu (worn) {rF- Str+5 Int+7}
   (You bought it in a shop on level 9 of the Dungeon)

   Str+5:     It affects your strength (+5).
   Int+7:     It affects your intelligence (+7).
   rF-:       It makes you vulnerable to fire.
 H - a +0 pair of boots (worn)
Jewellery
 h - an amulet of magic regeneration (around neck)
 j - a +4 ring of protection (left claw)
 q - a ring of resist corrosion
 t - a +6 ring of dexterity (right claw)
 z - a ring of wizardry
Wands
 f - a wand of digging (2)
 s - a wand of charming (10)
 E - a wand of polymorph (3)
 I - a wand of acid (8)
Scrolls
 a - a scroll of revelation {unknown}
 c - a scroll of noise {unknown}
 d - 2 scrolls of amnesia
 e - 2 scrolls of blinking {unknown}
 i - 2 scrolls of brand weapon {unknown}
 k - 2 scrolls of immolation {unknown}
 l - 2 scrolls of teleportation
 m - a scroll of torment
 p - a scroll of fear {unknown}
 w - a scroll of fog
 x - 4 scrolls of poison
 y - 2 scrolls of enchant armour {unknown}
 G - a scroll of vulnerability {unknown}
 K - a scroll of acquirement {unknown}
Potions
 n - a potion of heal wounds
 o - 2 potions of mutation {unknown}
 v - 2 potions of ambrosia
 A - 2 potions of curing
 B - a potion of lignification {unknown}
 C - 2 potions of brilliance


   Skills:
 + Level 3.0 Fighting
 + Level 1.3 Short Blades
 + Level 5.9 Maces & Flails
 + Level 0.9 Throwing
 + Level 2.7 Armour
 + Level 5.4 Dodging
 + Level 4.9 Stealth
 + Level 10.7 Spellcasting
 + Level 9.4 Conjurations
 + Level 9.9 Earth Magic
 + Level 2.6 Evocations


You had 4 spell levels left.
You knew the following spells:

 Your Spells              Type           Power      Damage    Failure   Level
a - Sandblast             Erth           100%       2d20      1%          1
b - Stone Arrow           Conj/Erth      100%       3d13      1%          3
c - Passwall              Erth           60%        N/A       1%          3
d - Brom's Barrelling Bo  Conj/Erth      59%        2d7       1%          4
e - Petrify               Alch/Erth      39%        N/A       7%          4
f - Blink                 Tloc           26%        N/A       8%          2
g - Ignite Poison         Fire/Alch      13%        N/A       45%         4
h - Animate Armour        Summ/Erth      78%        N/A       7%          4
i - Tukima's Dance        Hex            13%        N/A       16%         3

Your spell library contained the following spells:

 Spells                   Type           Power      Damage    Failure   Level
 Momentum Strike          Conj/Tloc      76%        3d10      1%          2
 Hailstorm                Conj/Ice       38%        3d9       2%          3
 Necrotise                Necr           52%        1d6       5%          1
 Lesser Beckoning         Tloc           26%        N/A       8%          2
 Summon Ice Beast         Ice/Summ       13%        N/A       16%         3
 Vampiric Draining        Necr           13%        2d6       16%         3
 Martyr's Knell           Necr/Summ      13%        N/A       45%         4
 Passage of Golubria      Tloc           13%        N/A       45%         4
 Sticky Flame             Fire/Alch      13%        2d5       45%         4
 Curse of Agony           Necr           13%        N/A       82%         5
 Silence                  Hex/Air        6%         N/A       82%         5
 Yara's Violent Unravell  Hex/Alch       6%         3d5       82%         5
 Sculpt Simulacrum        Ice/Alch       6%         N/A       100%        6
 Ignition                 Fire           6%         3d4       100%        8
 Lehudib's Crystal Spear  Conj/Erth      29%        10d8      100%        8


Dungeon Overview and Level Annotations

Branches:
Dungeon (11/15)            Temple (1/1) D:5            Lair (1/5) D:10
    Orc (2/2) D:9
    Elf: Orc:2

Altars:
Ashenzari
Cheibriados
Dithmenos
Fedhas
Gozag
Hepliaklqana
Kikubaaqudgha
Makhleb
Nemelex Xobeh
Okawaru
Qazlal
Ru
Sif Muna
Trog
Uskayaw
Vehumet
Wu Jian
Xom
Yredelemnul

Shops:
D:5 (   D:6 :   D:7 **   D:9 [   D:10 (

Annotations:
D:10 2 transporters
Lair:1 2 runed translucent doors
Orc:1 6 transporters


Innate Abilities, Weirdness & Mutations

You have very sharp fingernails.
When hurt, damage is shared between your health and your magic reserves.
You regenerate magic rapidly.
When seriously injured, your blood forms armour. (AC +6)


Message History

You can't see any susceptible monsters within range! (Use Z to cast anyway.)
You can't see any susceptible monsters within range! (Use Z to cast anyway.)
You can't see any susceptible monsters within range! (Use Z to cast anyway.)
You can't see any susceptible monsters within range! (Use Z to cast anyway.)
An ice dragon comes into view.
Found 12 gold pieces.
Found 2 datura-tipped darts.
The polar bear simulacrum barely misses you.
The polar bear simulacrum claws you but does no damage.
The polar bear simulacrum misses you.
Your unstable footing causes you to fumble your attack.
The polar bear simulacrum closely misses you.
The polar bear simulacrum claws you but does no damage.
The polar bear simulacrum claws you. The polar bear simulacrum freezes you!!
The stone arrow hits the polar bear simulacrum!
The polar bear simulacrum is severely damaged.
The stone arrow hits the polar bear simulacrum!
The polar bear simulacrum vaporises!
Dithmenos accepts your kill. The ice dragon breathes frost at you.
The blast of cold misses you.
You hear a bellow!
The stone arrow hits the ice dragon!
The ice dragon is lightly wounded.
You are engulfed in freezing vapours.
Your blood congeals into armour.
The stone arrow hits the ice dragon!
The ice dragon is lightly wounded.
You are engulfed in freezing vapours.
The ice dragon is engulfed in freezing vapours.
As you read the scroll of teleportation, it crumbles to dust.
You feel strangely unstable. The ice dragon bites you.
The ice dragon claws you. The ice dragon barely misses you.
As you read the scroll of fog, it dissolves into smoke.
The ice dragon bites you. The ice dragon claws you!
The ice dragon tramples you!
* * * LOW HITPOINT WARNING * * *
You hold your ground!
The ice dragon breathes frost at you. The blast of cold hits you!!!
You die...

##### ##
################≈≈~#
..
($8.........≈~≈≈≈~~#
..
.....§§.~~.~~≈≈~~~~#
..
.....§§§§≈≈≈≈~~~~###
.~
.~...§~§§§~~~~~~.#.#
~≈
~~Y~~§D§@§~~......##
~~
~~~~~~§§§#######.†#
~~ ~~~~~##§§# ####†#
.# ....:....#
#..#.#### .#
.........#
#....##.#### ..
#.#.......
#....##..... # #
####!###
#>...##..... ##
#....##.....
#...........


You could see an ice dragon (catching breath).

Vanquished Creatures
  Snorg (D:11)
  Fannar (D:10)
  2 two-headed ogres
  A death yak (Lair:1)
  A boulder beetle (D:11)
  Urug (D:11)
  An orc knight (Orc:1)
  Maurice (D:8)
  A cyclops (Orc:1)
  2 kobold blastminers (Orc:1)
  A cane toad (Lair:1)
  A kobold demonologist (Orc:1)
  Maggie (D:6)
  3 rime drakes (Lair:1)
  A komodo dragon (Lair:1)
  2 trolls
  A polar bear (Lair:1)
  5 blink frogs (Lair:1)
  Sigmund (D:6)
  3 shadows (D:11)
  A wyvern (D:7)
  A basilisk (Lair:1)
  A wraith (D:11)
  20 yaks
  A warg (Orc:1)
  Grum (D:6)
  A steam dragon (D:8)
  Edmund (D:6)
  An acid dragon (D:9)
  4 water moccasins (Lair:1)
  11 orc warriors
  A sky beast (D:7)
  An ice beast (D:5)
  A black bear (D:5)
  14 centaurs
  2 wolves (Lair:1)
  2 ogres (Orc:1)
  17 kobold brigands
  Blork the orc (D:6)
  7 bullfrogs
  3 scorpions
  2 gnoll sergeants
  7 wights
  5 killer bees
  4 electric eels (D:10)
  A howler monkey (D:11)
  2 bombardier beetles
  3 jellies
  11 orc priests
  5 hounds
  2 gnoll boudas
  2 iguanas
  16 orc wizards
  A polar bear simulacrum (Lair:1)
  A wolf simulacrum (Lair:1)
  16 gnolls
  A naga simulacrum (Lair:1)
  11 adders
  2 white imps
  4 dart slugs
  45 orcs
  8 endoplasms
  2 giant cockroaches
  13 goblins
  10 hobgoblins
  A jackal (D:4)
  8 quokkas
  4 ball pythons
  A frilled lizard (D:2)
  16 kobolds
  6 rats
333 creatures vanquished.

Vanquished Creatures (others)
  An orc (D:8)
1 creature vanquished.

Grand Total: 334 creatures vanquished

Notes
Turn   | Place    | Note
-------+----------+-------------------------------------------
     0 | D:1      | DemonSlayer the Demonspawn Earth Elementalist began the
                  | quest for the Orb.
     0 | D:1      | Reached XP level 1. HP: 13/13 MP: 3/3
   255 | D:1      | Gained mutation: You regenerate magic rapidly. [demonic
                  | ancestry]
   255 | D:1      | Reached XP level 2. HP: 19/19 MP: 0/5
  1172 | D:2      | Reached XP level 3. HP: 23/24 MP: 5/7
  1487 | D:2      | Reached skill level 3 in Spellcasting
  1616 | D:2      | Learned a level 3 spell: Stone Arrow
  1620 | D:2      | Learned a level 3 spell: Passwall
  1743 | D:3      | Gained mutation: You have sharp fingernails. [demonic
                  | ancestry]
  1743 | D:3      | Reached XP level 4. HP: 30/30 MP: 8/8
  1936 | D:3      | Identified the +5 short sword of Moderation {chaos, rElec}
  1956 | D:3      | Found a bloodstained altar of Trog.
  2103 | D:3      | Reached skill level 4 in Spellcasting
  2368 | D:3      | Gained mutation: When hurt, damage is shared between your
                  | health and your magic reserves. [demonic ancestry]
  2368 | D:3      | Reached XP level 5. HP: 35/35 MP: 11/11
  2420 | D:3      | Learned a level 4 spell: Brom's Barrelling Boulder
  2565 | D:4      | Reached skill level 1 in Short Blades
  2589 | D:4      | Reached XP level 6. HP: 18/41 MP: 6/13
  2725 | D:4      | Reached skill level 5 in Spellcasting
  3370 | D:4      | Learned a level 4 spell: Petrify
  3399 | D:5      | Entered Level 5 of the Dungeon
  3503 | D:5      | Found a sacrificial altar of Ru.
  3603 | D:5      | Noticed an ice beast
  3608 | D:5      | Killed an ice beast
  3609 | D:5      | Reached XP level 7. HP: 46/46 MP: 7/15
  3676 | D:5      | Found Omixumen's Weapon Shop.
  3773 | D:5      | Found a staircase to the Ecumenical Temple.
  3782 | Temple   | Entered the Ecumenical Temple
  3792 | Temple   | Became a worshipper of Dithmenos the Shadowed
  3896 | D:6      | Noticed Maggie
  4075 | D:5      | Reached skill level 6 in Spellcasting
  4075 | D:5      | Reached skill level 5 in Earth Magic
  4142 | D:6      | Noticed Blork the orc
  4147 | D:6      | Killed Blork the orc
  4209 | D:6      | Found Ytikumel's Book Shoppe.
  4304 | D:6      | Gained mutation: When seriously injured, your blood forms
                  | armour. (AC +6) [demonic ancestry]
  4304 | D:6      | Reached XP level 8. HP: 51/52 MP: 10/17
  4541 | D:6      | Found a snail-covered altar of Cheibriados.
  4555 | D:6      | Found a hide-covered altar of Uskayaw.
  4581 | D:6      | Found a sparkling altar of Nemelex Xobeh.
  4617 | D:6      | Noticed Edmund
  4633 | D:6      | Killed Edmund
  4638 | D:6      | Identified the +1 robe of the Seven Deaths {-Tele Harm
                  | Dex+2}
  4647 | D:6      | Noticed Sigmund
  4650 | D:6      | Identified the +9 flail of Ethereal Exoneration {speed,
                  | Will+ Int+2}
  4663 | D:6      | Killed Sigmund
  4664 | D:6      | Reached skill level 7 in Spellcasting
  4898 | D:6      | Reached * piety under Dithmenos
  4936 | D:6      | Noticed Grum
  4943 | D:6      | Killed Grum
  5143 | D:6      | Learned a level 2 spell: Blink
  5148 | D:6      | Learned a level 4 spell: Ignite Poison
  5196 | D:6      | Killed Maggie
  5197 | D:6      | Reached XP level 9. HP: 47/58 MP: 4/20
  5406 | D:7      | Reached skill level 1 in Maces & Flails
  5507 | D:7      | Identified the +6 quarterstaff of the Arena {speed, *Noise
                  | +Blink Str+3 Dex+2}
  5648 | D:7      | Found Hutaw's Specific Store.
  5670 | D:7      | Found Syrghafat's General Store.
  5804 | D:7      | Reached skill level 1 in Fighting
  6016 | D:7      | Reached skill level 5 in Conjurations
  6088 | D:7      | Reached ** piety under Dithmenos
  6394 | D:8      | Noticed Maurice
  6414 | D:8      | Something stole the +5 short sword of Moderation {chaos,
                  | rElec}
  6418 | D:8      | Killed Maurice
  6419 | D:8      | Reached skill level 8 in Spellcasting
  6630 | D:8      | Gained mutation: You have very sharp fingernails. [demonic
                  | ancestry]
  6630 | D:8      | Reached XP level 10. HP: 35/65 MP: 1/22
  7227 | D:8      | Learned a level 4 spell: Animate Armour
  7563 | D:9      | Reached skill level 1 in Evocations
  7618 | D:9      | Reached *** piety under Dithmenos
  7662 | D:9      | Found Timoarag's Antique Armour Emporium.
  7669 | D:9      | Bought a twisted leather armour for 147 gold pieces
  7669 | D:9      | Identified the +3 leather armour of Cotsu {rF- Str+5 Int+7}
                  | (You bought it in a shop on level 9 of the Dungeon)
  8153 | D:9      | Found a staircase to the Orcish Mines.
  8742 | Orc:1    | Entered Level 1 of the Orcish Mines
  8861 | Orc:1    | Noticed an orange demon
  8864 | Orc:1    | Reached skill level 1 in Armour
  8873 | Orc:1    | Noticed a kobold blastminer
  8888 | Orc:1    | Killed a kobold blastminer
  8891 | Orc:1    | Noticed a kobold blastminer
  9074 | D:9      | Reached XP level 11. HP: 25/72 MP: 9/23
  9376 | Orc:1    | Reached **** piety under Dithmenos
  9737 | Orc:1    | Found a burning altar of Makhleb.
  9793 | Orc:1    | You fall into a shaft and drop 1 floor!
  9793 | Orc:2    | Entered Level 2 of the Orcish Mines
  9842 | Orc:1    | Noticed an orc knight
  9853 | Orc:1    | Reached skill level 9 in Spellcasting
  9864 | Orc:1    | Killed an orc knight
 10079 | Orc:1    | Found a transporter.
 10081 | Orc:1    | Found a transporter.
 10081 | Orc:1    | Found a transporter.
 10082 | Orc:1    | Found a sparkling altar of Nemelex Xobeh.
 10082 | Orc:1    | Noticed a juggernaut
 10110 | Orc:1    | Found a transporter.
 10111 | Orc:1    | Found a transporter.
 10114 | Orc:1    | Found a transporter.
 10748 | D:10     | Entered Level 10 of the Dungeon
 10748 | D:10     | Noticed Fannar
 10748 | D:10     | Found a blossoming altar of Fedhas.
 10762 | D:10     | Killed Fannar
 10930 | D:10     | Found an ornate altar of the Wu Jian Council.
 11095 | D:10     | Noticed a two-headed ogre
 11101 | D:10     | Killed a two-headed ogre
 11157 | D:10     | Found Meas's Antique Weapon Boutique.
 11216 | D:10     | Reached skill level 5 in Maces & Flails
 11624 | D:10     | Found a staircase to the Lair.
 11631 | D:10     | Found a transporter.
 11714 | D:10     | Found a transporter.
 12035 | D:10     | Learned a level 3 spell: Tukima's Dance
 12291 | D:11     | Noticed Urug
 12300 | D:11     | Killed Urug
 12526 | D:11     | Reached skill level 5 in Dodging
 12546 | D:11     | Noticed a boulder beetle
 12553 | D:11     | Killed a boulder beetle
 12777 | D:11     | Reached skill level 10 in Spellcasting
 12861 | D:11     | Noticed a two-headed ogre
 12863 | D:11     | Killed a two-headed ogre
 12864 | D:11     | Reached XP level 12. HP: 80/80 MP: 20/26
 13348 | D:11     | Found a basalt altar of Yredelemnul.
 13351 | D:11     | Noticed Snorg
 13361 | D:11     | Killed Snorg
 13682 | Lair:1   | Entered Level 1 of the Lair of Beasts
 14294 | Lair:1   | Noticed a death yak
 14390 | Lair:1   | Found a runed translucent gate.
 14390 | Lair:1   | Found a runed translucent gate.
 14470 | Lair:1   | Noticed a death yak
 14485 | Lair:1   | Killed a death yak
 14603 | Lair:1   | Noticed an ice dragon
 14612 | Lair:1   | Killed from afar by an ice dragon

Illustrated notes

Levels and vault maps discovered:
D:1:      eino_arrival_cavern_d, layout_basic, serial_corexii_hall,
          chequers_hall_statues_corner_a, chequers_hall_statues_wall_a
D:2:      cheibrodos_greedy_goblins, layout_loops_ring
D:3:      layout_basic, lightli_temple_of_fire, serial_aquarium,
          aquarium_bridge_long_joined [aquarium_subvault_balcony,
          aquarium_subvault_wall, aquarium_subvault_balcony,
          aquarium_subvault_bridge, aquarium_subvault_window,
          aquarium_subvault_bridge], aquarium_bridge_island_small
          [aquarium_subvault_small_open, aquarium_subvault_wall,
          aquarium_subvault_wall, aquarium_subvault_bridge,
          aquarium_subvault_wall], aquarium_window_2, aquarium_window_corner,
          aquarium_window_fake, aquarium_window_fake, aquarium_view_2d,
          aquarium_view_2a, minmay_checkerbox
D:4:      minmay_bubble_buster, layout_gridville
D:5:      layout_basic, amcnicky_altar_gilded, minmay_temple_entry_offerings,
          serial_corexii_hall, chequers_hall_statues_corner_a,
          corexii_hall_statues_l, serial_shops,
          nicolae_shop_bloodbath_and_beyond
D:6:      layout_cave_pools, nemelex_diamond_rough_becter,
          lemuel_coloured_pillars_altar, mainiacjoe_overflow_alcove_2,
          serial_shops, shop, serial_gnoll_camp, gnoll_camp_mini_sergeant,
          grums_kennel, gnoll_camp_mini_hut, gnoll_camp_mini_hut,
          sigmund_edmund_badplayer, uniq_blork_the_orc, uniq_maggie
D:7:      layout_gridville, elyvilon_altar_5, nicolae_specific_store,
          grunt_ministairs_13, amethyst_killhole
D:8:      layout_basic, uniq_maurice
D:9:      layout_stronghold, orc_0_dummy, serial_shops, shop,
          minmay_stone_trees_large, kennysheep_cluttered_room, centaur_isle
D:10:     gammafunk_worm_tunnel, layout_basic,
          mainiacjoe_overflow_catwalk_spiral, lair_entry_dummy, serial_shops,
          nicolae_shop_rolling_square, uniq_fannar
D:11:     layout_stronghold, yredelemnul_altar_generic, uniq_snorg, uniq_urug
Temple:   nicolae_temple_two_arcs
Lair:1:   dreamdust_isle_of_ice, layout_gridlike, ebering_ghost_rock_garden
Orc:1:    layout_caves, special_room [special_room_kobold], basic_altar,
          regret_index_minedec_guest_junction, hellmonk_jugg_or_not
Orc:2:    pf_orc_diabolical, layout_caves, basic_altar

Skill      XL: |  1  2  3  4  5  6  7  8  9 10 11 12 |
---------------+-------------------------------------+-----
Earth Magic    | 3 4 5 6 7 8 9 |  9.9
Spellcasting   | 3 4 5 6 7 8 10 | 10.7
Short Blades   | 1 |  1.3
Stealth        | 2 3 4 |  4.9
Dodging        | 2 3 4 5 |  5.4
Conjurations   | 3 5 7 8 9 |  9.4
Maces & Flails | 2 4 5 |  5.9
Fighting       | 1 2 3 |  3.0
Evocations     | 2 |  2.6
Armour         | 1 2 |  2.7
Throwing       | |  0.9

Action                     |  1- 3 |  4- 6 |  7- 9 | 10-12 || total
---------------------------+-------+-------+-------+-------++-------
  Melee: Unarmed           |     6 |       |       |       ||     6
         Short sword       |    34 |    30 |    18 |       ||    82
         Punch             |     1 |     1 |       |     2 ||     4
         Flail             |       |       |    43 |   144 ||   187
  Throw: Throwing net      |       |       |     1 |     3 ||     4
         Dart              |       |       |       |     6 ||     6
   Cast: Sandblast         |    52 |    77 |       |       ||   129
         Stone Arrow       |       |     5 |   142 |   289 ||   436
  Evoke: Wand              |       |       |     1 |    32 ||    33
    Use: Scroll            |       |     4 |     5 |     5 ||    14
         Potion            |       |       |     1 |     9 ||    10
   Stab: Sleeping          |     2 |       |     7 |     3 ||    12
 Armour: Robe              |    27 |    39 |    42 |       ||   108
         Steam dragon scal |       |       |    48 |    37 ||    85
         Leather armour    |       |       |       |   136 ||   136
  Dodge: Dodged            |    44 |    30 |    98 |   255 ||   427
